Connexion

COLUMBUS Blue Jackets vs MONTREAL Canadiens

Created - 23 janvier 2024 at 08:06

Goals
1 2 3 T
COLUMBUS Blue Jackets 0 1 2 3
MONTREAL Canadiens 1 0 3 4
Shots
1 2 3 T
COLUMBUS Blue Jackets 6 10 7 23
MONTREAL Canadiens 8 4 13 25

GoalsPenalties
1st period
1. MONTREAL Canadiens , Jake Guentzel 16 (Moritz Seider 25, Tyler Seguin 28) at 16:41 (PP)
Matthew Benning (MTL) for Fighting (Major) at 14:52
Yan Gourde (CLB) for Fighting (Major) at 14:52
Artturi Lehkonen (CLB) for Tripping (Minor) at 15:55
Pierre-luc Dubois (CLB) for High sticking (Minor) at 18:13
2nd period
2. COLUMBUS Blue Jackets , Bo Horvat 23 (Yan Gourde 20) at 6:22 (PP)
Justin Faulk (MTL) for Holding (Minor) at 6:18
Evgeni Malkin (MTL) for Roughing (Minor) at 17:55
3rd period
3. COLUMBUS Blue Jackets , Jack Roslovic 36 (John Marino 40, Artturi Lehkonen 19) at 8:13
4. MONTREAL Canadiens , Evgeni Malkin 21 (Jake Guentzel 25) at 13:55
5. MONTREAL Canadiens , Joe Veleno 4 (Isac Lundestrom 13, Kailer Yamamoto 22) at 18:17
6. MONTREAL Canadiens , Tyler Seguin 20 (Cam Atkinson 33, Patrick Kane 37) at 19:33 (Empty Net)
7. COLUMBUS Blue Jackets , Jack Roslovic 37 (William Lagesson 21, Tyler Johnson 37) at 19:50
Jake Guentzel (MTL) for Hooking (Minor) at 2:12
Michael Pezzetta (MTL) for Roughing (Minor) at 16:02
Goalie Stats
Vitek Vanecek (CLB), 21 saves from 24 shots - (0,875), L, 32-15-5, 59:25 minutes
Sergei Bobrovsky (MTL), 20 saves from 23 shots - (0,870), W, 7-9-1, 60:00 minutes
3 StarsOfficial
1 - Jack Roslovic (CLB)
2 - Tyler Seguin (MTL)
3 - Jake Guentzel (MTL)
Referees : Jean Hebert and Kyle Rehman
Linesman : Michel Cormier and Lyle Seitz
Game Note
Matthew Benning and Yan Gourde fight to a draw at 14:52 of 1st period
Tyler Seguin has scored in a empty net!
Finance
Level 1 -- Attendance: 5978 (99,63%) -- Ticket Income $717,360
Level 2 -- Attendance: 5866 (70,91%) -- Ticket Income $439,950
Level 3 -- Attendance: 1934 (96,70%) -- Ticket Income $106,370
Level 4 -- Attendance: 4000 (100,00%) -- Ticket Income $140,000
Luxury Box -- Attendance: 1000 (100,00%) -- Ticket Income $260,000
Game was played at the Bell Centre.
Total Attendance: 18778 (88,27%)
Total Ticket Income: $1,663,680
Other Income: $332,736
Total Income: $1,996,416



Team Name Goals Shots Shots Attemp Shots Blocked PIM HIT PP PK FO%
COLUMBUS Blue Jackets 3234599141 / 4 (25%)164%
MONTREAL Canadiens 42550513241 / 2 (50%)136%

COLUMBUS Blue Jackets
Player Name POS G A P +/- PIM HIT SHT SB MP PP MP PP SHT PK MP PK SHT FO% FOT
Artturi LehkonenLW/RW0111203012:180:1800:0000% 1
Bo HorvatC101-1014121:472:3410:08072% 25
Carson SoucyD0000022119:322:1820:2400% 0
Colin BlackwellC/LW/RW000-1001021:292:1600:080100% 2
Dante FabbroD0000001323:583:1410:4300% 0
Jack RoslovicC/RW2022004124:032:4410:51075% 28
John MarinoD0110011023:443:0000:4300% 0
Jordan GrossD000-1000116:440:4300:0000% 0
Justin DanforthRW000-200109:120:0000:0000% 0
Nick PaulLW000002107:470:4310:0000% 2
Nino NiederreiterLW/RW000-2000010:131:0100:0000% 0
Pierre-luc DuboisC/LW000-1242023:352:4400:38046% 13
Rudolfs BalcersLW/RW000000001:310:4300:0000% 0
Sven BaertschiLW0001011012:220:0000:21050% 2
Tyler JohnsonC/LW/RW0111001015:262:4400:0800% 1
Will BorgenD000-1010016:440:4300:0000% 0
William LagessonD0110001119:182:0410:2400% 0
Yan GourdeC/LW/RW011-1520119:072:1600:0000% 1
MONTREAL Canadiens
Player Name POS G A P +/- PIM HIT SHT SB MP PP MP PP SHT PK MP PK SHT FO% FOT
Boone JennerC/LW0000033015:400:2000:0000% 1
Brett HowdenC/LW000000206:580:0000:30013% 8
Cam AtkinsonLW/RW0111011021:050:4701:4900% 2
Dakota MermisD0001011017:520:2002:2500% 0
Evgeni MalkinC/RW1010222018:280:4702:1300% 0
Isac LundestromC/LW0110001113:500:0001:1500% 0
Jake GuentzelC/LW/RW1120215015:390:2010:00044% 18
Joe VelenoC1010012012:490:0000:14050% 14
Justin FaulkD0000221121:390:3913:3200% 0
Kailer YamamotoC/LW/RW0110002012:350:0000:0000% 1
Kyle CapobiancoD0001020116:460:0800:0000% 0
Matthew BenningD0001510015:420:0000:0400% 0
Michael PezzettaC/LW000022006:270:0000:000100% 1
Moritz SeiderD0110030022:290:2002:2500% 0
Patrick KaneC/RW0111001022:390:4703:23010% 10
Phil KesselC/RW000001007:170:0000:4900% 0
Tyler SeguinC/RW1121032020:290:2001:49045% 20
Tyson BarrieD000-1012225:300:4703:3600% 0



Play-by-Play

1st period


0:01 of 1st period - Tyler Seguin wins face-off versus Jack Roslovic in neutral zone.
0:40 of 1st period - Shot by Patrick Kane.
0:40 of 1st period - Shot Blocked by Jack Roslovic.
0:42 of 1st period - Shot by Tyson Barrie.
0:42 of 1st period - Deflect By Cam Atkinson.
0:42 of 1st period - Shot Misses the Net.
0:46 of 1st period - Shot by Tyson Barrie.
0:46 of 1st period - Stopped by Vitek Vanecek without a rebound.
0:47 of 1st period - Jake Guentzel wins face-off versus Bo Horvat in COLUMBUS Blue Jackets zone.
0:48 of 1st period - Shot by Boone Jenner.
0:48 of 1st period - Deflect By Jake Guentzel.
0:48 of 1st period - Shot Blocked by Yan Gourde.
1:09 of 1st period - Colin Blackwell is hit by Dakota Mermis and loses puck.
1:31 of 1st period - Icing by Carson Soucy.
1:32 of 1st period - Bo Horvat wins face-off versus Joe Veleno in COLUMBUS Blue Jackets zone.
2:33 of 1st period - Icing by Matthew Benning.
2:34 of 1st period - Joe Veleno wins face-off versus Pierre-luc Dubois in MONTREAL Canadiens zone.
2:46 of 1st period - Justin Danforth is hit by Cam Atkinson.
3:13 of 1st period - Justin Danforth is hit by Tyson Barrie and loses puck.
3:17 of 1st period - Icing by Cam Atkinson.
3:18 of 1st period - Jack Roslovic wins face-off versus Tyler Seguin in MONTREAL Canadiens zone.
3:18 of 1st period - Jack Roslovic is hit by Moritz Seider.
3:24 of 1st period - Shot by Jack Roslovic.
3:24 of 1st period - Stopped by Sergei Bobrovsky without a rebound.
3:25 of 1st period - Jack Roslovic wins face-off versus Brett Howden in MONTREAL Canadiens zone.
3:26 of 1st period - Shot by Artturi Lehkonen.
3:26 of 1st period - Shot Blocked by Justin Faulk.
3:43 of 1st period - Shot by Brett Howden.
3:43 of 1st period - Stopped by Vitek Vanecek without a rebound.
3:44 of 1st period - Jack Roslovic wins face-off versus Jake Guentzel in COLUMBUS Blue Jackets zone.
3:59 of 1st period - Icing by Tyson Barrie.
4:00 of 1st period - Jake Guentzel wins face-off versus Yan Gourde in MONTREAL Canadiens zone.
4:00 of 1st period - Jake Guentzel is hit by Bo Horvat.
4:10 of 1st period - Shot by Jake Guentzel.
4:10 of 1st period - Shot Misses the Net.
4:25 of 1st period - Jake Guentzel is hit by Will Borgen and loses puck.
4:45 of 1st period - Icing by Will Borgen.
4:46 of 1st period - Bo Horvat wins face-off versus Tyler Seguin in COLUMBUS Blue Jackets zone.
5:05 of 1st period - Dante Fabbro is hit by Tyler Seguin and loses puck.
5:20 of 1st period - Shot by Tyler Seguin.
5:20 of 1st period - Shot Blocked by Dante Fabbro.
5:26 of 1st period - Shot by Tyler Seguin.
5:26 of 1st period - Stopped by Vitek Vanecek with a rebound.
6:12 of 1st period - Shot by Phil Kessel.
6:12 of 1st period - Deflect By Brett Howden.
6:12 of 1st period - Stopped by Vitek Vanecek without a rebound.
6:13 of 1st period - Bo Horvat wins face-off versus Jake Guentzel in COLUMBUS Blue Jackets zone.
6:20 of 1st period - Carson Soucy is hit by Jake Guentzel and loses puck.
6:32 of 1st period - Off-side.
6:33 of 1st period - Joe Veleno wins face-off versus Nick Paul in neutral zone.
8:45 of 1st period - Shot by Pierre-luc Dubois.
8:45 of 1st period - Shot Misses the Net.
8:48 of 1st period - Icing by Justin Faulk.
8:49 of 1st period - Colin Blackwell wins face-off versus Jake Guentzel in MONTREAL Canadiens zone.
9:06 of 1st period - Shot by Colin Blackwell.
9:06 of 1st period - Deflect By Bo Horvat.
9:06 of 1st period - Stopped by Sergei Bobrovsky with a rebound.
10:24 of 1st period - Shot by Patrick Kane.
10:24 of 1st period - Stopped by Vitek Vanecek without a rebound.
10:25 of 1st period - Joe Veleno wins face-off versus Pierre-luc Dubois in COLUMBUS Blue Jackets zone.
10:40 of 1st period - Shot by Joe Veleno.
10:40 of 1st period - Stopped by Vitek Vanecek without a rebound.
10:41 of 1st period - Tyler Seguin wins face-off versus Bo Horvat in COLUMBUS Blue Jackets zone.
11:02 of 1st period - Shot by Bo Horvat.
11:02 of 1st period - Shot Misses the Net.
11:04 of 1st period - Shot by John Marino.
11:04 of 1st period - Stopped by Sergei Bobrovsky without a rebound.
11:05 of 1st period - Jake Guentzel wins face-off versus Jack Roslovic in MONTREAL Canadiens zone.
11:10 of 1st period - Artturi Lehkonen is hit by Boone Jenner and loses puck.
11:22 of 1st period - Icing by Jack Roslovic.
11:23 of 1st period - Jack Roslovic wins face-off versus Tyler Seguin in COLUMBUS Blue Jackets zone.
11:28 of 1st period - Tyson Barrie is hit by Sven Baertschi and loses puck.
13:38 of 1st period - Yan Gourde is hit by Matthew Benning and loses puck.
14:09 of 1st period - Icing by Kyle Capobianco.
14:10 of 1st period - Joe Veleno wins face-off versus Jack Roslovic in MONTREAL Canadiens zone.
14:22 of 1st period - Kailer Yamamoto is hit by Pierre-luc Dubois and loses puck.
14:27 of 1st period - Shot by Jack Roslovic.
14:27 of 1st period - Shot Misses the Net.
14:30 of 1st period - Pierre-luc Dubois is hit by Kyle Capobianco and loses puck.
14:49 of 1st period - Icing by Isac Lundestrom.
14:50 of 1st period - Bo Horvat wins face-off versus Joe Veleno in MONTREAL Canadiens zone.
14:51 of 1st period - Shot by Yan Gourde.
14:51 of 1st period - Shot Misses the Net.
14:52 of 1st period - Matthew Benning and Yan Gourde fight to a draw.
14:52 of 1st period - Penalty to Matthew Benning for Fighting.
14:52 of 1st period - Penalty to Yan Gourde for Fighting.
14:53 of 1st period - Bo Horvat wins face-off versus Tyler Seguin in MONTREAL Canadiens zone.
15:01 of 1st period - Tyson Barrie is hit by Nick Paul and loses puck.
15:26 of 1st period - Shot by Colin Blackwell.
15:26 of 1st period - Stopped by Sergei Bobrovsky without a rebound.
15:27 of 1st period - Pierre-luc Dubois wins face-off versus Jake Guentzel in MONTREAL Canadiens zone.
15:32 of 1st period - Shot by Justin Danforth.
15:32 of 1st period - Stopped by Sergei Bobrovsky without a rebound.
15:33 of 1st period - Jack Roslovic wins face-off versus Brett Howden in MONTREAL Canadiens zone.
15:48 of 1st period - Shot by Will Borgen.
15:48 of 1st period - Shot Misses the Net.
15:55 of 1st period - Minor Penalty to Artturi Lehkonen for Tripping.
15:56 of 1st period - Jack Roslovic wins face-off versus Cam Atkinson in COLUMBUS Blue Jackets zone.
16:21 of 1st period - Shot by Justin Faulk.
16:21 of 1st period - Stopped by Vitek Vanecek without a rebound.
16:22 of 1st period - Tyler Seguin wins face-off versus Pierre-luc Dubois in COLUMBUS Blue Jackets zone.
16:41 of 1st period - Shot by Jake Guentzel.
16:41 of 1st period - Goal by Jake Guentzel - COLUMBUS Blue Jackets : 0 - MONTREAL Canadiens : 1.
16:42 of 1st period - Bo Horvat wins face-off versus Joe Veleno in neutral zone.
17:09 of 1st period - Nick Paul is hit by Moritz Seider and loses puck.
17:40 of 1st period - Shot by Pierre-luc Dubois.
17:40 of 1st period - Stopped by Sergei Bobrovsky without a rebound.
17:41 of 1st period - Jack Roslovic wins face-off versus Tyler Seguin in MONTREAL Canadiens zone.
17:48 of 1st period - Shot by Tyler Johnson.
17:48 of 1st period - Shot Misses the Net.
17:51 of 1st period - Icing by Patrick Kane.
17:52 of 1st period - Tyler Seguin wins face-off versus Jack Roslovic in MONTREAL Canadiens zone.
17:52 of 1st period - Justin Faulk is hit by Pierre-luc Dubois and loses puck.
18:13 of 1st period - Minor Penalty to Pierre-luc Dubois for High sticking.
18:14 of 1st period - Jake Guentzel wins face-off versus Bo Horvat in COLUMBUS Blue Jackets zone.
18:50 of 1st period - Dakota Mermis is hit by Nick Paul and loses puck.
19:53 of 1st period - Shot by Patrick Kane.
19:53 of 1st period - Shot Misses the Net.
19:59 of 1st period - Shot by Tyson Barrie.
19:59 of 1st period - Shot Blocked by Dante Fabbro.
Goals for this period are 0 for COLUMBUS Blue Jackets vs 1 for MONTREAL Canadiens.
Shots for this period are 6 for COLUMBUS Blue Jackets vs 8 for MONTREAL Canadiens.

2nd period


0:01 of 2nd period - Jack Roslovic wins face-off versus Patrick Kane in neutral zone.
0:03 of 2nd period - John Marino is hit by Justin Faulk and loses puck.
0:14 of 2nd period - Shot by Michael Pezzetta.
0:14 of 2nd period - Shot Misses the Net.
0:16 of 2nd period - Shot by Kyle Capobianco.
0:16 of 2nd period - Shot Blocked by Carson Soucy.
0:54 of 2nd period - Michael Pezzetta is hit by Carson Soucy.
1:01 of 2nd period - Nino Niederreiter is hit by Michael Pezzetta and loses puck.
1:16 of 2nd period - Icing by Matthew Benning.
1:17 of 2nd period - Jack Roslovic wins face-off versus Brett Howden in MONTREAL Canadiens zone.
1:17 of 2nd period - Artturi Lehkonen is hit by Kyle Capobianco and loses puck.
1:56 of 2nd period - Icing by John Marino.
1:57 of 2nd period - Jack Roslovic wins face-off versus Jake Guentzel in COLUMBUS Blue Jackets zone.
1:57 of 2nd period - John Marino is hit by Boone Jenner and loses puck.
2:03 of 2nd period - Dante Fabbro is hit by Evgeni Malkin and loses puck.
2:22 of 2nd period - Shot by Evgeni Malkin.
2:22 of 2nd period - Stopped by Vitek Vanecek without a rebound.
2:23 of 2nd period - Bo Horvat wins face-off versus Tyler Seguin in COLUMBUS Blue Jackets zone.
2:23 of 2nd period - Bo Horvat is hit by Tyler Seguin.
3:10 of 2nd period - Shot by Cam Atkinson.
3:10 of 2nd period - Shot Blocked by Bo Horvat.
3:21 of 2nd period - Icing by Will Borgen.
3:22 of 2nd period - Jake Guentzel wins face-off versus Bo Horvat in COLUMBUS Blue Jackets zone.
3:34 of 2nd period - Icing by Bo Horvat.
3:35 of 2nd period - Bo Horvat wins face-off versus Joe Veleno in COLUMBUS Blue Jackets zone.
4:05 of 2nd period - Isac Lundestrom is hit by John Marino and loses puck.
4:49 of 2nd period - Pierre-luc Dubois is hit by Boone Jenner and loses puck.
4:57 of 2nd period - Tyler Johnson is hit by Moritz Seider and loses puck.
5:29 of 2nd period - Shot by Dakota Mermis.
5:29 of 2nd period - Stopped by Vitek Vanecek without a rebound.
5:30 of 2nd period - Tyler Seguin wins face-off versus Artturi Lehkonen in COLUMBUS Blue Jackets zone.
6:18 of 2nd period - Minor Penalty to Justin Faulk for Holding.
6:19 of 2nd period - Bo Horvat wins face-off versus Patrick Kane in MONTREAL Canadiens zone.
6:22 of 2nd period - Shot by Bo Horvat.
6:22 of 2nd period - Goal by Bo Horvat - COLUMBUS Blue Jackets : 1 - MONTREAL Canadiens : 1.
6:23 of 2nd period - Bo Horvat wins face-off versus Jake Guentzel in neutral zone.
6:50 of 2nd period - Shot by Bo Horvat.
6:50 of 2nd period - Stopped by Sergei Bobrovsky without a rebound.
6:51 of 2nd period - Joe Veleno wins face-off versus Jack Roslovic in MONTREAL Canadiens zone.
6:51 of 2nd period - Kailer Yamamoto is hit by Pierre-luc Dubois and loses puck.
8:23 of 2nd period - Off-side.
8:24 of 2nd period - Pierre-luc Dubois wins face-off versus Boone Jenner in neutral zone.
9:30 of 2nd period - Icing by Jordan Gross.
9:31 of 2nd period - Pierre-luc Dubois wins face-off versus Brett Howden in COLUMBUS Blue Jackets zone.
9:31 of 2nd period - Pierre-luc Dubois is hit by Michael Pezzetta.
9:57 of 2nd period - Shot by Artturi Lehkonen.
9:57 of 2nd period - Stopped by Sergei Bobrovsky without a rebound.
9:58 of 2nd period - Colin Blackwell wins face-off versus Tyler Seguin in MONTREAL Canadiens zone.
10:17 of 2nd period - Shot by Yan Gourde.
10:17 of 2nd period - Shot Misses the Net.
10:35 of 2nd period - Shot by Bo Horvat.
10:35 of 2nd period - Shot Misses the Net.
10:37 of 2nd period - Shot by Colin Blackwell.
10:37 of 2nd period - Shot Misses the Net.
10:55 of 2nd period - Shot by Sven Baertschi.
10:55 of 2nd period - Stopped by Sergei Bobrovsky with a rebound.
10:57 of 2nd period - Shot by Sven Baertschi.
10:57 of 2nd period - Shot Blocked by Kyle Capobianco.
10:59 of 2nd period - Shot by John Marino.
10:59 of 2nd period - Shot Misses the Net.
11:21 of 2nd period - Shot by Jake Guentzel.
11:21 of 2nd period - Stopped by Vitek Vanecek without a rebound.
11:22 of 2nd period - Joe Veleno wins face-off versus Pierre-luc Dubois in COLUMBUS Blue Jackets zone.
12:26 of 2nd period - Shot by Boone Jenner.
12:26 of 2nd period - Shot Misses the Net.
12:30 of 2nd period - Shot by Boone Jenner.
12:30 of 2nd period - Shot Misses the Net.
12:39 of 2nd period - Shot by Jake Guentzel.
12:39 of 2nd period - Stopped by Vitek Vanecek without a rebound.
12:40 of 2nd period - Brett Howden wins face-off versus Sven Baertschi in COLUMBUS Blue Jackets zone.
13:11 of 2nd period - Shot by Artturi Lehkonen.
13:11 of 2nd period - Stopped by Sergei Bobrovsky without a rebound.
13:12 of 2nd period - Tyler Seguin wins face-off versus Bo Horvat in MONTREAL Canadiens zone.
13:12 of 2nd period - Cam Atkinson is hit by Yan Gourde and loses puck.
14:24 of 2nd period - Shot by Evgeni Malkin.
14:24 of 2nd period - Shot Misses the Net.
14:46 of 2nd period - Colin Blackwell is hit by Evgeni Malkin and loses puck.
15:21 of 2nd period - Shot by Kyle Capobianco.
15:21 of 2nd period - Shot Misses the Net.
15:37 of 2nd period - Shot by Joe Veleno.
15:37 of 2nd period - Shot Misses the Net.
16:03 of 2nd period - Shot by Tyler Johnson.
16:03 of 2nd period - Stopped by Sergei Bobrovsky with a rebound.
17:38 of 2nd period - Shot by Artturi Lehkonen.
17:38 of 2nd period - Stopped by Sergei Bobrovsky without a rebound.
17:39 of 2nd period - Jake Guentzel wins face-off versus Nick Paul in MONTREAL Canadiens zone.
17:55 of 2nd period - Minor Penalty to Evgeni Malkin for Roughing.
17:56 of 2nd period - Jack Roslovic wins face-off versus Patrick Kane in MONTREAL Canadiens zone.
17:56 of 2nd period - Tyler Johnson is hit by Justin Faulk and loses puck.
18:57 of 2nd period - Shot by Nick Paul.
18:57 of 2nd period - Shot Misses the Net.
18:59 of 2nd period - Shot by Nick Paul.
18:59 of 2nd period - Stopped by Sergei Bobrovsky with a rebound.
19:01 of 2nd period - Shot by Jordan Gross.
19:01 of 2nd period - Shot Blocked by Isac Lundestrom.
19:34 of 2nd period - Shot by Carson Soucy.
19:34 of 2nd period - Stopped by Sergei Bobrovsky without a rebound.
19:35 of 2nd period - Jack Roslovic wins face-off versus Patrick Kane in MONTREAL Canadiens zone.
19:36 of 2nd period - Shot by Tyler Johnson.
19:36 of 2nd period - Shot Misses the Net.
19:38 of 2nd period - Shot by William Lagesson.
19:38 of 2nd period - Stopped by Sergei Bobrovsky without a rebound.
19:39 of 2nd period - Patrick Kane wins face-off versus Jack Roslovic in MONTREAL Canadiens zone.
Goals for this period are 1 for COLUMBUS Blue Jackets vs 0 for MONTREAL Canadiens.
Shots for this period are 10 for COLUMBUS Blue Jackets vs 4 for MONTREAL Canadiens.

3rd period


0:01 of 3rd period - Tyler Seguin wins face-off versus Tyler Johnson in neutral zone.
1:14 of 3rd period - Shot by Jake Guentzel.
1:14 of 3rd period - Stopped by Vitek Vanecek without a rebound.
1:15 of 3rd period - Joe Veleno wins face-off versus Bo Horvat in COLUMBUS Blue Jackets zone.
1:16 of 3rd period - Shot by Kailer Yamamoto.
1:16 of 3rd period - Shot Misses the Net.
1:48 of 3rd period - Off-side.
1:49 of 3rd period - Pierre-luc Dubois wins face-off versus Jake Guentzel in neutral zone.
2:01 of 3rd period - Shot by Jake Guentzel.
2:01 of 3rd period - Stopped by Vitek Vanecek with a rebound.
2:12 of 3rd period - Minor Penalty to Jake Guentzel for Hooking.
2:13 of 3rd period - Bo Horvat wins face-off versus Patrick Kane in MONTREAL Canadiens zone.
2:20 of 3rd period - Shot by William Lagesson.
2:20 of 3rd period - Shot Blocked by Tyson Barrie.
2:22 of 3rd period - Shot by Carson Soucy.
2:22 of 3rd period - Stopped by Sergei Bobrovsky without a rebound.
2:23 of 3rd period - Bo Horvat wins face-off versus Patrick Kane in MONTREAL Canadiens zone.
2:49 of 3rd period - Patrick Kane is hit by Yan Gourde and loses puck.
3:32 of 3rd period - Shot by Tyler Johnson.
3:32 of 3rd period - Shot Misses the Net.
5:57 of 3rd period - Shot by Boone Jenner.
5:57 of 3rd period - Stopped by Vitek Vanecek without a rebound.
5:58 of 3rd period - Jack Roslovic wins face-off versus Brett Howden in COLUMBUS Blue Jackets zone.
6:31 of 3rd period - Off-side.
6:32 of 3rd period - Bo Horvat wins face-off versus Cam Atkinson in neutral zone.
7:06 of 3rd period - Icing by Moritz Seider.
7:07 of 3rd period - Tyler Seguin wins face-off versus Pierre-luc Dubois in MONTREAL Canadiens zone.
7:07 of 3rd period - Tyler Seguin is hit by Pierre-luc Dubois.
7:24 of 3rd period - Icing by Carson Soucy.
7:25 of 3rd period - Jake Guentzel wins face-off versus Pierre-luc Dubois in COLUMBUS Blue Jackets zone.
7:28 of 3rd period - Shot by Jake Guentzel.
7:28 of 3rd period - Shot Misses the Net.
7:30 of 3rd period - Shot by Boone Jenner.
7:30 of 3rd period - Shot Blocked by William Lagesson.
7:32 of 3rd period - Shot by Boone Jenner.
7:32 of 3rd period - Shot Misses the Net.
7:34 of 3rd period - Shot by Dakota Mermis.
7:34 of 3rd period - Shot Misses the Net.
7:48 of 3rd period - Shot by Boone Jenner.
7:48 of 3rd period - Shot Misses the Net.
7:58 of 3rd period - Shot by Boone Jenner.
7:58 of 3rd period - Stopped by Vitek Vanecek without a rebound.
7:59 of 3rd period - Jack Roslovic wins face-off versus Joe Veleno in COLUMBUS Blue Jackets zone.
7:59 of 3rd period - Jack Roslovic is hit by Joe Veleno.
8:13 of 3rd period - Shot by Jack Roslovic.
8:13 of 3rd period - Goal by Jack Roslovic - COLUMBUS Blue Jackets : 2 - MONTREAL Canadiens : 1.
8:14 of 3rd period - Bo Horvat wins face-off versus Patrick Kane in neutral zone.
10:52 of 3rd period - Shot by Kailer Yamamoto.
10:52 of 3rd period - Stopped by Vitek Vanecek without a rebound.
10:53 of 3rd period - Bo Horvat wins face-off versus Tyler Seguin in COLUMBUS Blue Jackets zone.
11:08 of 3rd period - Shot by Bo Horvat.
11:08 of 3rd period - Shot Misses the Net.
11:28 of 3rd period - Shot by Tyson Barrie.
11:28 of 3rd period - Stopped by Vitek Vanecek without a rebound.
11:29 of 3rd period - Jack Roslovic wins face-off versus Brett Howden in COLUMBUS Blue Jackets zone.
11:29 of 3rd period - Jack Roslovic is hit by Phil Kessel.
11:32 of 3rd period - Icing by John Marino.
11:33 of 3rd period - Jack Roslovic wins face-off versus Jake Guentzel in COLUMBUS Blue Jackets zone.
12:06 of 3rd period - Shot by Jake Guentzel.
12:06 of 3rd period - Shot Blocked by Dante Fabbro.
12:08 of 3rd period - Shot by Boone Jenner.
12:08 of 3rd period - Stopped by Vitek Vanecek without a rebound.
12:09 of 3rd period - Tyler Seguin wins face-off versus Bo Horvat in COLUMBUS Blue Jackets zone.
12:24 of 3rd period - Shot by Bo Horvat.
12:24 of 3rd period - Stopped by Sergei Bobrovsky without a rebound.
12:25 of 3rd period - Jack Roslovic wins face-off versus Kailer Yamamoto in MONTREAL Canadiens zone.
12:59 of 3rd period - Shot by Kyle Capobianco.
12:59 of 3rd period - Shot Misses the Net.
13:01 of 3rd period - Shot by Kailer Yamamoto.
13:01 of 3rd period - Shot Blocked by Jordan Gross.
13:49 of 3rd period - Shot by Cam Atkinson.
13:49 of 3rd period - Stopped by Vitek Vanecek without a rebound.
13:50 of 3rd period - Jake Guentzel wins face-off versus Pierre-luc Dubois in COLUMBUS Blue Jackets zone.
13:55 of 3rd period - Shot by Evgeni Malkin.
13:55 of 3rd period - Goal by Evgeni Malkin - COLUMBUS Blue Jackets : 2 - MONTREAL Canadiens : 2.
13:56 of 3rd period - Pierre-luc Dubois wins face-off versus Jake Guentzel in neutral zone.
14:18 of 3rd period - Shot by Pierre-luc Dubois.
14:18 of 3rd period - Shot Misses the Net.
14:20 of 3rd period - Shot by Pierre-luc Dubois.
14:20 of 3rd period - Stopped by Sergei Bobrovsky without a rebound.
14:21 of 3rd period - Bo Horvat wins face-off versus Tyler Seguin in MONTREAL Canadiens zone.
15:44 of 3rd period - Shot by Dakota Mermis.
15:44 of 3rd period - Shot Misses the Net.
15:47 of 3rd period - Icing by Pierre-luc Dubois.
15:48 of 3rd period - Michael Pezzetta wins face-off versus Jack Roslovic in COLUMBUS Blue Jackets zone.
15:58 of 3rd period - Phil Kessel is hit by Carson Soucy and loses puck.
16:02 of 3rd period - Minor Penalty to Michael Pezzetta for Roughing.
16:03 of 3rd period - Jack Roslovic wins face-off versus Patrick Kane in MONTREAL Canadiens zone.
17:01 of 3rd period - Shot by John Marino.
17:01 of 3rd period - Shot Misses the Net.
17:41 of 3rd period - Shot by Tyler Johnson.
17:41 of 3rd period - Shot Blocked by Tyson Barrie.
17:43 of 3rd period - Shot by Jack Roslovic.
17:43 of 3rd period - Stopped by Sergei Bobrovsky without a rebound.
17:44 of 3rd period - Bo Horvat wins face-off versus Tyler Seguin in MONTREAL Canadiens zone.
18:01 of 3rd period - Shot by Dante Fabbro.
18:01 of 3rd period - Stopped by Sergei Bobrovsky without a rebound.
18:02 of 3rd period - Pierre-luc Dubois wins face-off versus Joe Veleno in MONTREAL Canadiens zone.
18:07 of 3rd period - Shot by Justin Danforth.
18:07 of 3rd period - Shot Misses the Net.
18:15 of 3rd period - Shot by Isac Lundestrom.
18:15 of 3rd period - Stopped by Vitek Vanecek with a rebound.
18:17 of 3rd period - Shot by Joe Veleno.
18:17 of 3rd period - Goal by Joe Veleno - COLUMBUS Blue Jackets : 2 - MONTREAL Canadiens : 3.
18:18 of 3rd period - Jack Roslovic wins face-off versus Brett Howden in neutral zone.
18:20 of 3rd period - Off-side.
18:21 of 3rd period - Sven Baertschi wins face-off versus Joe Veleno in neutral zone.
18:48 of 3rd period - Shot by Kailer Yamamoto.
18:48 of 3rd period - Stopped by Vitek Vanecek without a rebound.
18:49 of 3rd period - Bo Horvat wins face-off versus Tyler Seguin in COLUMBUS Blue Jackets zone.
19:00 of 3rd period - COLUMBUS Blue Jackets , Vitek Vanecek is pulled from the net.
19:14 of 3rd period - John Marino is hit by Tyler Seguin and loses puck.
19:33 of 3rd period - Shot by Tyler Seguin.
19:33 of 3rd period - Goal by Tyler Seguin - COLUMBUS Blue Jackets : 2 - MONTREAL Canadiens : 4.
19:33 of 3rd period - Vitek Vanecek from COLUMBUS Blue Jackets was sent back in the game.
19:34 of 3rd period - Jack Roslovic wins face-off versus Jake Guentzel in neutral zone.
19:50 of 3rd period - Shot by Jack Roslovic.
19:50 of 3rd period - Goal by Jack Roslovic - COLUMBUS Blue Jackets : 3 - MONTREAL Canadiens : 4.
19:51 of 3rd period - Jack Roslovic wins face-off versus Patrick Kane in neutral zone.
19:58 of 3rd period - COLUMBUS Blue Jackets , Vitek Vanecek is pulled from the net.
Goals for this period are 2 for COLUMBUS Blue Jackets vs 3 for MONTREAL Canadiens.
Shots for this period are 7 for COLUMBUS Blue Jackets vs 13 for MONTREAL Canadiens.